 Dungeon Crawl Stone Soup version 0.27.0-1-g7a089689b8 (webtiles) character file.

Game seed: 13441073986172841206

36 Descartes the Sneak (level 3, -2/16 HPs)
             Began as a Spriggan Enchanter on Aug 10, 2021.
             Slain by an ogre (18 damage)
             ... on level 2 of the Dungeon.
             The game lasted 00:03:55 (2018 turns).

Descartes the Sneak (Spriggan Enchanter)            Turns: 2018, Time: 00:03:56

Health: -2/16      AC:  2    Str:  5    XL:     3   Next: 19%
Magic:  7/8        EV: 17    Int: 16    God:
Gold:   55         SH:  0    Dex: 15    Spells: 1/7 levels left

rFire    . . .     SeeInvis +   f - +1 short sword (flame)
rCold    . . .     Faith    .   (shield restricted)
rNeg     . . .     Spirit   .   b - +0 robe
rPois    .         Reflect  .   (helmet restricted)
rElec    .         Harm     .   (no cloak)
rCorr    .         Rampage  .   (gloves unavailable)
Will     .....                  (boots unavailable)
Stlth    +++.......             (no amulet)
HPRegen  0.05/turn              (no ring)
MPRegen  0.11/turn              (no ring)

@: very quick
A: very small, no large weapons, unfitting armour, see invisible, speed 3
a: no special abilities


You were on level 2 of the Dungeon.
You visited 1 branch of the dungeon, and saw 2 of its levels.

You collected 55 gold pieces.

Inventory:

Hand Weapons
 f - a +1 short sword of flaming (weapon)
Missiles
 a - 29 poisoned darts
 c - 32 stones
Armour
 b - a +0 robe (worn)
Jewellery
 g - an amulet of guardian spirit
Potions
 d - a potion of flight {unknown}
 e - a potion of curing {unknown}


   Skills:
 - Level 1.1 Short Blades
 - Level 2.6 Dodging
 + Level 6.7 Stealth
 - Level 2.6 Spellcasting
 - Level 3.6 Hexes


You had one spell level left.
You knew the following spells:

 Your Spells              Type           Power      Damage    Failure   Level
a - Corona                Hex            14%        N/A       4%          1
b - Blink                 Tloc           N/A        N/A       28%         2
c - Dazzling Flash        Conj/Hex       14%        N/A       28%         3

Your spell library contained the following spells:

 Spells                   Type           Power      Damage    Failure   Level
 Confusing Touch          Hex            13%        N/A       13%         3
 Tukima's Dance           Hex            13%        N/A       13%         3
 Ensorcelled Hibernation  Hex/Ice        14%        N/A       14%         2
 Passwall                 Tmut/Erth      1%         N/A       28%         2
 Summon Guardian Golem    Hex/Summ       7%         N/A       28%         3
 Swiftness                Air            2%         N/A       50%         3
 Manifold Assault         Tloc           2%         N/A       99%         5
 Invisibility             Hex            6%         N/A       100%        6
 Orb of Destruction       Conj           1%         N/A       100%        7
 Spellforged Servitor     Conj/Summ      1%         N/A       100%        7
 Storm Form               Tmut/Air       1%         N/A       100%        7


Dungeon Overview and Level Annotations

Branches:
Dungeon (2/15)

Altars:

Shops:
D:1 ?


Innate Abilities, Weirdness & Mutations

You are very small and have problems with some larger weapons.
You are too small for most types of armour.
You have supernaturally acute eyesight. (SInv)
You cover ground extremely quickly. (Speed+++)


Message History

You are too injured to fight recklessly!
You are too injured to fight recklessly!
The endoplasm closely misses you.
There are monsters nearby!
You see here a giant cockroach corpse.
You see here a bat corpse.
There is a stone staircase leading up here.
You climb upwards.
There is a stone staircase leading down here.
HP restored.
Done exploring.
There is a stone staircase leading down here.
You climb downwards.
Found a hunting sling and 14 poisoned darts.
Found an escape hatch in the floor.
Found a stone staircase leading up.
There is a stone staircase leading up here.
There is an escape hatch in the floor here.
a - 29 poisoned darts (gained 14) Done exploring.
There is a stone staircase leading up here.
You climb upwards.
There is a stone staircase leading down here.
You see here a +0 short sword.
There is an escape hatch in the floor here.
You slide downwards.
The hatch slams shut behind you.
An ogre is nearby!
A hobgoblin comes into view.
The hobgoblin shouts!
The hobgoblin moves out of view.
Cast which spell? (? or * to list)
Aiming: Corona (safe; 4% risk of failure)
Press: ? - help, Shift-Dir - straight line, f - ogre
Aim: an ogre, wielding a +0 giant club (wandering, hasn't noticed you, chance to affect: 50%)
The ogre shouts!
The ogre is outlined in light.
You hit the ogre. You burn the ogre.
The ogre is moderately wounded.
The ogre hits you with a +0 giant club!!
Ouch! That really hurt!
You die...

.>.##### #.## #.....###..#
#.....##...# #.....#..#.########
## #<....#.##....>.... .#
######g.....##..O...... .#
#..........###.........
.##########<####.O...# #.........
..#.........####@....###....>....
#...########.....................
...## ##...#...#..####.........
#g## ##..###..###.# #.........
#.# #..## #..# #.# #.####.### #.#
#.## #.## #.. #. .# #.######.#
..# # ..†##....# #.## ...##.####
#.


You could see an ogre (corona) and a hobgoblin.

Vanquished Creatures
  An adder (D:2)
  3 ball pythons
  2 endoplasms
  2 giant cockroaches (D:2)
  A goblin (D:1)
  A hobgoblin (D:1)
  A quokka (D:1)
  4 bats
  2 frilled lizards (D:1)
  6 kobolds (D:1)
  A rat (D:1)
24 creatures vanquished.

Notes
Turn   | Place    | Note
-------+----------+-------------------------------------------
     0 | D:1      | Descartes the Spriggan Enchanter began the quest for the
                  | Orb.
     0 | D:1      | Reached XP level 1. HP: 9/9 MP: 5/5
   290 | D:1      | Found Engysife's Magic Scroll Boutique.
   342 | D:1      | Reached skill level 5 in Stealth
   747 | D:1      | Found a faded altar of an unknown god.
   759 | D:1      | Reached XP level 2. HP: 13/13 MP: 6/6
  1011 | D:1      | Reached skill level 6 in Stealth
  1441 | D:2      | Noticed an ogre
  1713 | D:2      | Reached XP level 3. HP: 16/16 MP: 8/8
  1744 | D:2      | Learned a level 2 spell: Blink
  1748 | D:2      | Learned a level 3 spell: Dazzling Flash
  2018 | D:2      | Slain by an ogre

Illustrated notes

Levels and vault maps discovered:
D:1:      lemuel_arrival_tunnels, layout_basic, serial_shops, shop,
          hellmonk_ecumenical_altar_lost_god, hangedman_decor_clover_reticule
D:2:      minmay_diamond_boxcup, layout_rooms, uniq_terence

Skill      XL: |  1  2 |
---------------+-------+-----
Stealth        | 5 6 |  6.7
Short Blades   | |  1.1
Dodging        | |  2.6
Spellcasting   | |  2.6
Hexes          | |  3.6

Action                   || total
-------------------------++-------
Melee: Dagger            ||    51
       Short sword       ||    27
 Cast: Corona            ||     1
 Stab: Sleeping          ||    10
Armor: Robe              ||     5
Dodge: Dodged            ||    65
